 Dungeon Crawl Stone Soup version 0.21.0-3-g78d12a8 (webtiles) character file.

18 roguesci the Ruffian (level 2, -2/25 HPs)
             Began as a Naga Transmuter on Jan 17, 2018.
             Slain by a kobold
             ... wielding a +0 club
              (3 damage)
             ... on level 1 of the Dungeon.
             The game lasted 00:03:03 (1170 turns).

roguesci the Ruffian (Naga Transmuter)              Turns: 1170, Time: 00:03:03

Health: -2/25      AC:  1    Str: 12    XL:     2   Next: 66%
Magic:  4/5        EV: 10    Int: 18    God:
Gold:   49         SH:  0    Dex: 11    Spells: 4/5 levels left

rFire    + . .     SeeInvis +     - Unarmed
rCold    + . .     Gourm    .   (no shield)
rNeg     . . .     Faith    .   b - +0 robe
rPois    +         Spirit   .   (no helmet)
rElec    +         Reflect  .   (no cloak)
rCorr    +         Harm     .   (no gloves)
MR       .....                  (no barding)
Stlth    ++........             (no amulet)
HPRegen  0.08/turn              (no ring)
MPRegen  0.09/turn              (no ring)

@: brilliant, appendage, resistant, very slow
A: large, horns 2, see invisible, deformed body, poison resistance, slowness 2,
slow metabolism 1, spit poison 1, AC +0
a: Spit Poison, End Transformation


You were on level 1 of the Dungeon.
You were not hungry.
You had grown temporary horns.
You visited 1 branch of the dungeon, and saw 1 of its levels.

You collected 49 gold pieces.

Inventory:

Missiles
 a - 12 arrows
 i - 12 stones (quivered)
Armour
 b - a +0 robe (worn)
Scrolls
 e - 4 scrolls of teleportation {unknown}
 f - a scroll of immolation {unknown}
 g - a scroll of identify {unknown}
 h - a scroll of fear {unknown}
 k - a scroll of remove curse {unknown}
Books
 c - a book of Changes

   Spells                             Type                      Level
   a - Beastly Appendage              Transmutation                1
   b - Sticks to Snakes               Transmutation                2
   c - Spider Form                    Transmutation/Poison         3
   d - Ice Form                       Ice/Transmutation            4
   e - Blade Hands                    Transmutation                5
Comestibles
 d - 4 rations


   Skills:
 * Level 1.2 Fighting
 + Level 0.0 Armour
 * Level 1.8 Dodging
 * Level 1.4 Stealth
 + Level 3.1 Unarmed Combat
 * Level 2.1 Spellcasting
 + Level 2.1 Transmutations


You had 4 spell levels left.
You knew the following spells:

 Your Spells              Type           Power        Failure   Level  Hunger
a - Beastly Appendage     Tmut           ###...       1%          1    #......


Dungeon Overview and Level Annotations

Branches:
Dungeon (1/15)

Altars:


Innate Abilities, Weirdness & Mutations

You cannot wear boots.
Your serpentine skin is tough. (AC +0)
You have supernaturally acute eyesight. (SInv)
Armour fits poorly on your strangely shaped body.
Your system is resistant to poisons. (rPois)
You cover ground very slowly.
You have a slow metabolism.
You can spit poison.
You have a pair of horns on your head.


Message History

The kobold closely misses you.
You barely miss the kobold. Your punch misses the kobold.
The kobold hits you with a club.
You barely miss the kobold. The kobold hits you with a club.
You barely miss the kobold. You barely miss the kobold.
The kobold hits you with a club.
You hit the kobold but do no damage. The kobold barely misses you.
You barely miss the kobold. The kobold hits you with a club.
Casting: Beastly Appendage
Confirm with . or Enter, or press ? or * to list all spells.
You grow a pair of large bovine horns.
The kobold hits you with a club.
* * * LOW HITPOINT WARNING * * *
It was a potion of resistance.
You feel protected. The kobold hits you with a club.
* * * LOW HITPOINT WARNING * * *
It was a potion of brilliance.
You feel clever all of a sudden. The kobold hits you with a club.
You die...

##### ### #.#.. ..#
#.(# #.# #.## #.#
###..##########>###
#.................##
#.#((####>..........
#.#.#.## #######.....
#...@# #.........
##.#K# .###.....
#.#.# #..... # #.#
#.#... ..#
##.#####.#### #....
.........# ....
...#####.# ##.## #.#
###...###########[###


You could see a kobold.

Vanquished Creatures
  An ooze (D:1)
  2 bats (D:1)
  A giant cockroach (D:1)
  A frilled lizard (D:1)
  6 kobolds (D:1)
  2 rats (D:1)
13 creatures vanquished.

Notes
Turn   | Place    | Note
-------+----------+-------------------------------------------
     0 | D:1      | roguesci the Naga Transmuter began the quest for the Orb.
     0 | D:1      | Reached XP level 1. HP: 18/18 MP: 3/3
   510 | D:1      | Reached XP level 2. HP: 19/25 MP: 3/5
   629 | D:1      | Reached skill level 1 in Stealth
  1169 | D:1      | HP: 1/25 [kobold/club (5)]
  1170 | D:1      | Slain by a kobold

Skill      XL: |  1  2 |
---------------+-------+-----
Stealth        | 1 |  1.4
Fighting       | |  1.2
Dodging        | |  1.8
Unarmed Combat | |  3.1
Spellcasting   | |  2.1
Transmutations | |  2.1

Action                   || total
-------------------------++-------
Melee: Unarmed           ||    61
       Headbutt          ||     9
       Punch             ||     1
Throw: Stone             ||     1
 Cast: Beastly Appendage ||    10
  Use: Potion            ||     2
Armor: Robe              ||     7
Dodge: Dodged            ||    35
